 Dungeon Crawl Stone Soup version 0.24.0-123-gd5b16e6ec5 (webtiles) character file.

Game seed: 161882496909483355, levelgen mode: deterministic

2764 LordRappington the Cleaver (level 9, -1/108 HPs)
             Began as a Minotaur Berserker on Jan 15, 2020.
             Was an Elder of Trog.
             Slain by a hog (11 damage)
             ... on level 7 of the Dungeon.
             The game lasted 00:17:35 (5845 turns).

LordRappington the Cleaver (Minotaur Berserker)     Turns: 5845, Time: 00:17:36

Health: -1/108     AC:  6    Str: 26    XL:     9   Next: 42%
Magic:  8/8        EV: 10    Int:  7    God:    Trog [****..]
Gold:   351        SH:  5    Dex: 11    Spells: 8/8 levels left

rFire    x . .     SeeInvis .   y - +2 hand axe (flame)
rCold    + . .     Gourm    .   m - +2 buckler {rN+}
rNeg     + . .     Faith    .   q - +0 scale mail
rPois    .         Spirit   .   (helmet restricted)
rElec    .         Reflect  .   (no cloak)
rCorr    .         Harm     .   (no gloves)
MR       .....                  (no boots)
Stlth    ..........             (no amulet)
HPRegen  0.28/turn              s - ring of flight
MPRegen  0.11/turn              v - ring of ice

@: berserking, very quick
A: retaliatory headbutt, horns 2
a: Berserk, Trog's Hand, Brothers in Arms, Renounce Religion, Evoke Flight


You were on level 7 of the Dungeon.
You worshipped Trog.
Trog was greatly pleased with you.
You were very hungry.

You visited 1 branch of the dungeon, and saw 7 of its levels.

You collected 351 gold pieces.

Inventory:

Hand Weapons
 n - a +2 dire flail of holy wrath
 y - a +2 hand axe of flaming (weapon)
Armour
 m - a +2 buckler of positive energy (worn)
 q - a +0 scale mail (worn)
Jewellery
 s - a ring of flight (left hand)
 v - a ring of ice (right hand)
 x - a cursed amulet of inaccuracy {unknown}
Wands
 t - a wand of digging (4)
 u - a wand of acid (6)
 z - a wand of paralysis (8)
Scrolls
 d - a scroll of blinking
 g - a scroll of enchant armour
 j - a scroll of teleportation
 k - 2 scrolls of magic mapping
 l - a scroll of remove curse
 o - 3 scrolls of amnesia
 r - a scroll of fog
 w - 3 scrolls of identify
 B - a scroll of fear {unknown}
Potions
 a - a potion of ambrosia
 b - a potion of flight
 e - a potion of resistance {unknown}
 f - 3 potions of lignification {unknown}
 h - a potion of agility {unknown}
 i - 2 potions of curing
 p - a potion of might {unknown}
 A - a potion of haste
Comestibles
 c - 14 rations
 C - 3 chunks of flesh


   Skills:
 - Level 4.3 Fighting
 + Level 14.6 Axes
 - Level 3.2 Armour
 - Level 2.9 Dodging


You had 8 spell levels left.
You didn't know any spells.
Your spell library was empty.

Dungeon Overview and Level Annotations

Branches:
Dungeon (7/15)
 Temple: D:4-7

Altars:
Ashenzari
Dithmenos
Fedhas
Okawaru
Sif Muna

Annotations:
D:6 2 transporters


Innate Abilities, Weirdness & Mutations

You reflexively headbutt those who attack you in melee.
You have a pair of horns on your head.


Message History

* * * LOW HITPOINT WARNING * * *
You hit the hog. You burn the hog. Your headbutt misses the hog.
The hog is moderately wounded.
The hog bites you.
* * * LOW HITPOINT WARNING * * *
You hit the hog. You burn the hog.
The hog is heavily wounded.
The hog bites you.
* * * LOW HITPOINT WARNING * * *
You hit the hog. You burn the hog.
The hog is severely wounded.
The hog bites you.
* * * LOW HITPOINT WARNING * * *
You closely miss the hog. You headbutt the hog.
The hog is severely wounded.
A red film seems to cover your vision as you go berserk!
You feel yourself moving faster!
You feel mighty!
You are feeling very hungry.
The hog closely misses you. The hog bites you!
You die...

. #.##.##.#.# #.........<....#
..##.##.##.#.####.##.###.###...#
..............>).....# #... ....
.....#######.#÷#'#.### ##### ##.
#...#........#.+_+.#
..#...#..#######+###
#...#...#..## #(# ..#...#...#.#
##.#######
#...#...#...###.@h...%%#
..#...#...#.....†#....%#
#...#...#...########'###
..#...#...#.# .....# ).#...#...#
.....# ..#...#.# ###### ..#...#
#.. #.# ## #.


You could see a hog.

Vanquished Creatures
  Pikel (D:4)
  Grinder (D:5)
  A yak (D:7)
  A human (D:7)
  2 hogs (D:7)
  Edmund (D:5)
  Duvessa (D:6)
  2 slaves (D:4)
  A sky beast (D:6)
  2 ogres
  A centaur (D:6)
  A crocodile (D:4)
  Blork the orc (D:4)
  Dowan (D:6)
  A scorpion (D:5)
  A crimson imp (D:5)
  A jelly (D:6)
  A bullfrog zombie (D:6)
  4 orc priests
  A hound (D:5)
  A gnoll shaman (D:7)
  An iguana (D:4)
  2 orc wizards (D:6)
  A worker ant (D:6)
  2 worker ant zombies
  Robin (D:4)
  7 adders
  12 gnolls
  2 oozes
  2 worms
  3 dart slugs
  5 leopard geckos
  18 orcs
  2 ball pythons
  5 giant cockroaches
  15 goblins
  8 hobgoblins
  3 jackals (D:3)
  2 quokkas
  7 bats
  4 frilled lizards
  A giant cockroach zombie (D:5)
  6 kobolds
  A quokka skeleton (D:5)
  15 rats
152 creatures vanquished.

Notes
Turn   | Place    | Note
-------+----------+-------------------------------------------
     0 | D:1      | LordRappington the Minotaur Berserker began the quest for
                  | the Orb.
     0 | D:1      | Reached XP level 1. HP: 19/19 MP: 0/0
    39 | D:1      | Reached skill level 4 in Axes
    39 | D:1      | Reached XP level 2. HP: 24/27 MP: 1/1
   494 | D:1      | Reached XP level 3. HP: 33/33 MP: 2/2
   614 | D:1      | Reached ** piety under Trog
  1352 | D:2      | Reached XP level 4. HP: 37/41 MP: 3/3
  1530 | D:2      | Reached skill level 5 in Axes
  2343 | D:3      | Reached XP level 5. HP: 29/47 MP: 4/4
  2377 | D:3      | Reached skill level 6 in Axes
  2387 | D:3      | Reached *** piety under Trog
  2933 | D:4      | Reached skill level 7 in Axes
  2945 | D:4      | Reached XP level 6. HP: 49/53 MP: 5/5
  2973 | D:4      | Noticed Robin
  3251 | D:4      | Reached **** piety under Trog
  3260 | D:4      | Reached skill level 8 in Axes
  3301 | D:4      | Killed Robin
  3383 | D:4      | Found a shattered altar of Ashenzari.
  3390 | D:4      | Noticed Blork the orc
  3401 | D:4      | Killed Blork the orc
  3481 | D:4      | Noticed a slave
  3481 | D:4      | Noticed a slave
  3482 | D:4      | Noticed a slave
  3482 | D:4      | Noticed Pikel
  3483 | D:4      | Noticed a slave
  3489 | D:4      | Killed a slave
  3494 | D:4      | Killed a slave
  3495 | D:4      | Killed Pikel
  3495 | D:4      | Reached skill level 10 in Axes
  3495 | D:4      | Reached XP level 7. HP: 21/60 MP: 6/6
  4018 | D:5      | Entered Level 5 of the Dungeon
  4025 | D:5      | Noticed Grinder
  4035 | D:5      | Paralysed by Grinder for 2 turns
  4043 | D:5      | Killed Grinder
  4043 | D:5      | Reached skill level 11 in Axes
  4043 | D:5      | Reached XP level 8. HP: 45/67 MP: 7/7
  4294 | D:5      | Found a blossoming altar of Fedhas.
  4594 | D:5      | Found an iron altar of Okawaru.
  4601 | D:5      | Found a shadowy altar of Dithmenos.
  4843 | D:6      | Reached skill level 12 in Axes
  4874 | D:6      | Noticed Edmund
  4876 | D:6      | Noticed Duvessa
  4877 | D:6      | Noticed Dowan
  4914 | D:5      | Killed Edmund
  5122 | D:6      | Killed Duvessa
  5125 | D:6      | Killed Dowan
  5184 | D:6      | Reached skill level 13 in Axes
  5258 | D:6      | Reached XP level 9. HP: 60/72 MP: 8/8
  5671 | D:6      | Found a transporter.
  5674 | D:6      | Noticed an orc high priest
  5679 | D:6      | Noticed a kobold demonologist
  5689 | D:6      | Found a transporter.
  5768 | D:7      | Found a shimmering blue altar of Sif Muna.
  5829 | D:7      | Reached skill level 14 in Axes
  5845 | D:7      | Slain by a hog

Levels and vault maps discovered:
D:1:      lemuel_arrival_room, layout_basic, minmay_heptomino_l4
D:2:      layout_loops_ring
D:3:      layout_rooms, first_ration, kennysheep_doodads, minmay_quadrilaterals
D:4:      layout_cave_pools, cheibrodos_ashenzari_chains, uniq_pikel,
          uniq_robin, uniq_blork_the_orc
D:5:      layout_basic, minitemple, basic_altar, minivault_27, uniq_grinder
D:6:      gammafunk_wand_slinger, layout_cave_pools, uniq_duvessa, uniq_edmund
D:7:      layout_loops_ring, kennysheep_mini,
          minmay_temple_entry_statues_pillars, grunt_livestock,
          nicolae_benzene_ring, hex_medium

Skill      XL: |  1  2  3  4  5  6  7  8  9 |
---------------+----------------------------+-----
Fighting       | 4 |  4.3
Axes           | 4 5 7 10 11 13 14 | 14.6
Armour         | 3 |  3.2
Dodging        | |  2.9

Action                   |  1- 3 |  4- 6 |  7- 9 || total
-------------------------+-------+-------+-------++-------
Melee: Hand axe          |    85 |   176 |   171 ||   432
       Headbutt          |    14 |    32 |    33 ||    79
Invok: Berserk           |       |     2 |     1 ||     3
  Use: Scroll            |       |    10 |     2 ||    12
 Stab: Sleeping          |     1 |       |       ||     1
  Eat: Chunk             |     1 |     8 |     5 ||    14
       Ration            |       |       |     1 ||     1
Armor: Animal skin       |     5 |       |       ||     5
       Ring mail         |     9 |    14 |       ||    23
       Scale mail        |       |    54 |    34 ||    88
Dodge: Dodged            |    42 |    99 |    52 ||   193
Block: Buckler           |       |    42 |    19 ||    61
